 Dungeon Crawl Stone Soup version 0.15-a0-1485-g692b94f (webtiles) character file.

127 Crauler the Bolt Thrower (level 5, 0/30 HPs)
             Began as a Kobold Hunter on June 14, 2014.
             Slain by an orc
             ... wielding a +0,+0 whip
              (7 damage)
             ... on Level 4 of the Dungeon.
             The game lasted 00:17:07 (3956 turns).

Crauler the Bolt Thrower (Kobold Hunter)            Turns: 3956, Time: 00:17:07

HP   0/30        AC  3     Str 11      XL: 5   Next: 33%
MP   5/5         EV 14     Int 10      God:
Gold 144         SH  0     Dex 16      Spells:  0 memorised,  4 levels left

rFire  . . .     SeeInvis .     w - +3,+1 hand axe
rCold  . . .     Clarity  .     d - +0 leather armour
rNeg   . . .     rCorr    .     (no shield)
rPois  .         rRot     .     (no helmet)
rElec  .         Spirit   .     (no cloak)
SustAb +         Warding  .     (no gloves)
rMut   .         Stasis   .     (no boots)
Gourm  +                        r - amulet of the gourmand
MR     .....                    (no ring)
                                a - ring of sustain abilities

@: not resistant to hostile enchantments, unstealthy
A: carnivore 3
a: no special abilities


You were on level 4 of the Dungeon.
You were very full.

You visited 1 branch of the dungeon, and saw 4 of its levels.

You collected 144 gold pieces.

Inventory:

Hand weapons
 b - a +1,+1 crossbow
 g - a +0,+0 whip
 w - a +3,+1 hand axe (weapon)
Missiles
 c - 51 bolts
Armour
 d - a +0 leather armour (worn)
 h - a +0 buckler
 y - a +2 chain mail
Comestibles
 f - 2 meat rations
 z - a rotting chunk of worker ant flesh
Scrolls
 e - a scroll of enchant weapon I {unknown}
 i - 2 scrolls of random uselessness {unknown}
 j - a scroll of teleportation {unknown}
 k - 5 scrolls of remove curse {unknown}
 o - 3 scrolls of noise {unknown}
 p - a scroll of amnesia {unknown}
 q - 2 scrolls of recharging {unknown}
 s - 3 scrolls of identify {unknown}
Jewellery
 a - a ring of sustain abilities (left hand)
 r - an amulet of the gourmand (around neck)
Potions
 l - a potion of mutation {unknown}
 m - a potion of cure mutation {unknown}
 n - 2 potions of haste
 t - a potion of flight {unknown}
 u - a potion of lignification {unknown}
 v - a potion of curing
 x - a potion of poison {unknown}


   Skills:
 + Level 1.8 Fighting
 * Level 2.0 Maces & Flails
 * Level 5.7 Crossbows
 * Level 3.3 Dodging
 - Level 2.5 Stealth
 + Level 0.8 Shields


You had 4 spell levels left.
You didn't know any spells.

Dungeon Overview and Level Annotations

Branches:
Dungeon (4/15)
 Temple: D:4-7

Altars:
Cheibriados
Makhleb
Xom
Zin


Innate Abilities, Weirdness & Mutations

You are small and have problems with some larger weapons.
You are carnivorous and can eat meat at any time.


Message History

The ooze is severely wounded.
The ooze hits you.
* * * LOW HITPOINT WARNING * * *
You hit the ooze.
The ooze is almost dead.
The ooze hits you but does no damage.
You hit the ooze.
You kill the ooze!
There is an open door here.
There is an open door here.
You see here a dagger.
You completely miss the orc. The orc barely misses you.
You barely miss the orc. The orc hits you with a whip.
* * * LOW HITPOINT WARNING * * *
You closely miss the orc. The orc closely misses you.
The orc barely misses you.
You hit the orc but do no damage. The orc barely misses you.
You hit the orc but do no damage. The orc hits you but does no damage.
You hit the orc but do no damage. The orc hits you with a whip!
You die...

###.### #.....# ..
##.###.# ... #..#
.# #...## #..###.#
#.....## #......#
#.......## #..#####
#.........####...##
+.........)o@.....#
#.........####...##
#.......## #..##
##.....## #.##
##...## #.# ##'##
#.# ####### #.# #.#
.o..o.#
#.########.#
#.###..........#


You could see an orc.

Vanquished Creatures
  A worker ant (D:4)
  3 adders
  A giant mite (D:2)
  3 worms
  4 giant geckos
  2 oozes
  2 orcs
  4 bats
  A giant cockroach (D:1)
  5 goblins
  6 hobgoblins
  A giant newt (D:2)
  9 kobolds
  A quokka (D:2)
  5 rats
48 creatures vanquished.

Vanquished Creatures (others)
  5 sheep (D:3)
5 creatures vanquished.

Grand Total: 53 creatures vanquished

Notes
Turn   | Place    | Note
--------------------------------------------------------------
     0 | D:1      | Crauler, the Kobold Hunter, began the quest for the Orb.
     0 | D:1      | Reached XP level 1. HP: 12/12 MP: 1/1
   244 | D:1      | Reached skill level 5 in Crossbows
   321 | D:1      | Reached XP level 2. HP: 16/16 MP: 2/2
   991 | D:2      | Reached XP level 3. HP: 20/20 MP: 3/3
  1419 | D:2      | Reached skill level 1 in Maces & Flails
  1419 | D:2      | Reached XP level 4. HP: 21/25 MP: 4/4
  1531 | D:2      | Found a burning altar of Makhleb.
  1531 | D:2      | Noticed a cacodemon
  1534 | D:2      | Found a glowing silver altar of Zin.
  1534 | D:2      | Noticed an angel
  1653 | D:2      | Found a snail-covered altar of Cheibriados.
  2407 | D:3      | Found a shimmering altar of Xom.
  3000 | D:3      | Reached XP level 5. HP: 8/30 MP: 5/5
  3956 | D:4      | Slain by an orc

Action                   |  1- 3 |  4- 6 || total
-------------------------+-------+-------++-------
Melee: Whip              |    93 |    74 ||   167
       Short sword       |     2 |       ||     2
       Hand axe          |       |    75 ||    75
 Fire: Crossbow          |       |     5 ||     5
  Use: Potion            |     3 |       ||     3
 Stab: Sleeping          |     3 |     2 ||     5
       Distracted        |       |     1 ||     1
